[Event "*** Titled Tuesday Blitz"]
[Site "Chess.com"]
[Date "2020.04.07"]
[Round "4"]
[White "warmoatmeal"]
[Black "Gerasimenyuk_Miha"]
[Result "0-1"]
[WhiteElo "1903"]
[BlackElo "2379"]
[TimeControl "180+1"]
[EndTime "13:42:21 PDT"]
[Termination "Gerasimenyuk_Miha won on time"]

1. d4 d5 2. Bf4 c5 3. e3 Nc6 4. Nf3 Nf6 5. c3 Bg4 6. Qb3 Qb6 7. dxc5 Qxb3 8. axb3 Bxf3 9. gxf3 e5 10. Bg5 Bxc5 11. Nd2 h6 12. Bh4 g5 13. Bg3 O-O-O 14. b4 Bb6 15. b5 Ne7 16. Bxe5 Neg8 17. Bd4 Bxd4 18. cxd4 Kb8 19. Bd3 Nd7 20. Ke2 Ngf6 21.
Rhc1 Rhe8 22. Bf5 Nb6 23. h4 Ng8 24. hxg5 hxg5 25. Rc5 Ne7 26. Bh3 Ng6 27. Kf1 Rh8 28. Kg2 Nh4+ 29. Kg3 f5 30. Bf1 Rdf8 31. f4 gxf4+ 32.
Kxf4 Ng6+ 33. Kf3 f4 34. e4 Nh4+ 35. Ke2 f3+ 36. Ke3 Re8 37. e5 Nf5+ 38. Kd3 Rh4 39.
Nxf3 Rf4 40. Be2 Rd8 41. Rg1 Nc4 42. Kc3 Re4 43. Bd3 Rf4 44. Bxf5 Rxf3+ 45. Bd3 Nxb2 46. Kxb2 Rxd3 47. Rg7 Rc8 48. Rxc8+ Kxc8 49. Rg4 Rd2+ 50. Kc3 Rxf2 51. Kb4 b6 52. Rg7 Rd2 53. Rg8+ Kd7 54. Rg7+ Ke6 55. Kc3 Rf2 56. Rxa7 Rf3+ 57. Kd2 Rb3 58.
Rh7 Rb2+ 59. Ke3 Rxb5 60. Kf4 Rb4 61. Rh6+ Kf7 62. Kf5 Rxd4 63. Rxb6 Rd1 64. Rb7+ Kf8 65. e6 d4 66. Ke5 d3 67. Kf6 Rf1+ 68. Ke5 d2 69. Rb8+ Kg7 70. Rb7+ Kg6 71. e7 Re1+ 0-1

[Event "*** Titled Tuesday Blitz"]
[Site "Chess.com"]
[Date "2020.04.07"]
[Round "4"]
[White "GadimbayliA"]
[Black "swisspower96"]
[Result "1/2-1/2"]
[WhiteElo "2918"]
[BlackElo "2680"]
[TimeControl "180+1"]
[EndTime "13:42:23 PDT"]
[Termination "Game drawn - insufficient material"]

1. e4 c5 2. Nf3 Nc6 3. Bb5 g6 4. Bxc6 dxc6 5. d3 Bg7 6. h3 Nf6 7. Nc3 Nd7 8. Be3 e5 9. Qd2 h6 10. O-O Qe7 11. Nh2 Nf8 12. f4 exf4 13. Bxf4 Ne6 14.
Bg3 Qg5 15. Qe1 Nd4 16. Qf2 O-O 17. Bd6 Bxh3 18. Bf4 Qxg2+ 19. Qxg2 Bxg2 20. Kxg2 Nxc2 21. Rad1 Rfd8 22. Ng4 g5 23. Bc1 Rd6 24. e5 Re6 25.
Ne4 b6 26. Nef6+ Kf8 27. Rf5 Rd8 28. Nh5 Nd4 29. Nxg7 Kxg7 30. Rf2 Rg6 31. Rdf1 Rd7 32. Nf6 Re7 33. Nh5+ Kg8 34. Nf6+ Kg7 35. Ne4 g4 36. Nd6 Nf3 37. Nf5+ Kf8 38. Bxh6+ Ke8 39. Nxe7 Kxe7 40. Bf4 Ke6 41. Rh1 Kf5 42. Kg3 Ke6 43. Rh6 Rxh6 44.
Bxh6 Nxe5 45. Bg7 Nxd3 46. Rf6+ Kd5 47. Rxf7 a5 48. Rd7+ Ke4 49. Rd6 Nb4 50. a3 Nd5 51. Rxc6 Ne3 52. Bc3 Nd5 53. Rd6 a4 54. Kxg4 b5 55.
Ba5 Ne3+ 56. Kg5 Nc4 57. Ra6 Kd3 58. Bc3 Nxa3 59. Rc6 c4 60. Rc5 Nb1 61. Bb4 Kc2 62. Rxb5 Kxb2 63. Kf4 a3 64. Bd6+ Kc2 65. Ra5 Kb2 66.
Ke3 a2 67. Be5+ c3 68. Kd3 a1=Q 69. Bxc3+ Nxc3 70. Rxa1 Kxa1 1/2-1/2

[Event "*** Titled Tuesday Blitz"]
[Site "Chess.com"]
[Date "2020.04.07"]
[Round "4"]
[White "IMTominho"]
[Black "FabianoCaruana"]
[Result "1-0"]
[WhiteElo "2808"]
[BlackElo "2992"]
[TimeControl "180+1"]
[EndTime "13:42:24 PDT"]
[Termination "IMTominho won by resignation"]

1. d4 d5 2. c4 c6 3. Nf3 Nf6 4. Nc3 dxc4 5. a4 Bf5 6. Ne5 e6 7. e3 Bb4 8. Bxc4 O-O 9. O-O Nbd7 10. Nxd7 Nxd7 11. Qe2 Bg6 12. Rd1 Qa5 13. Na2 Bd6 14.
e4 Qc7 15. h3 e5 16. dxe5 Nxe5 17. Bb3 Rfe8 18. Nc3 Bc5 19. Be3 Bxe3 20. Qxe3 Nd7 21.
Rac1 Nf6 22. Nb5 Qb6 23. Qxb6 axb6 24. Nc7 Nxe4 25. Nxe8 Rxe8 26. Rd7 Rb8 27. Rcd1 Kf8 28. Rd8+ Rxd8 29. Rxd8+ Ke7 30. Rb8 Nd6 31. Kf1 h5 32. h4 Bd3+ 33. Ke1 g6 34. Kd2 Bf5 35. Ke3 Bd7 36. g3 Bc8 37. Kd4 Nf5+ 38. Ke5 Nd6 39. Ba2 Bf5 40. b4 Bc2 41. a5 bxa5 42. bxa5 Bd3 43.
Kd4 Ba6 44. Kc5 Kd7 45. f3 Be2 46. Kb6 Bxf3 47. Bxf7 Be4 48. Bb3 Nc8+ 49. Kc5 Kc7 50. Ra8 Bf5 51. Bc4 Nd6 52. Rh8 Ne4+ 53. Kd4 Nxg3 54.
Rh7+ Kb8 55. Kc5 Ne4+ 56. Kb6 Nd6 57. Rh8+ Nc8+ 58. Kc5 Ka7 59. Re8 Bd7 60. Rd8 Bf5 61. Re8 Bd7 62. Rg8 Bf5 63. Rg7 Kb8 64. Bf7 Ne7 65. Be8 Nd5 66. Bxg6 Bg4 67. Rg8+ Kc7 68.
Rg7+ Kb8 69. Rh7 Nf4 70. Be4 Ka7 71. Bxc6 Ka6 72. Bxb7+ Kxa5 73. Be4 Ka4 74. Rf7 Ne2 75. Bd5 Ka3 76. Bf3 Ng3 77. Bxg4 hxg4 78. Rf4 Ne2 79. Rxg4 1-0

[Event "*** Titled Tuesday Blitz"]
[Site "Chess.com"]
[Date "2020.04.07"]
[Round "4"]
[White "Alvarov79"]
[Black "j2806"]
[Result "1-0"]
[WhiteElo "2298"]
[BlackElo "1998"]
[TimeControl "180+1"]
[EndTime "13:42:24 PDT"]
[Termination "Alvarov79 won by checkmate"]

1. d4 Nf6 2. c4 e6 3. g3 d5 4. Nf3 Be7 5. Bg2 O-O 6. O-O dxc4 7. Qc2 a6 8. a4 Nbd7 9. Qxc4 b5 10. Qc2 Bb7 11. Bg5 c5 12. Bxf6 Bxf6 13. dxc5 Rc8 14. axb5 axb5 15. Nbd2 Nxc5 16. Rfd1 Qb6 17. Rac1 Na4 18.
Qb3 Nxb2 19. Rxc8 Rxc8 20. Rb1 Bd5 21. Qb4 Bc3 22. Qh4 b4 23. e4 Ba2 24. Rf1 Qd6 25. e5 Qd7 26. Ne4 b3 27. Nfg5 h6 28. Nf3 Bb4 29.
Qg4 Kh8 30. Nh4 Bf8 31. f4 Nd3 32. f5 b2 33. f6 Nxe5 34. Qf4 Ng6 35. Nxg6+ fxg6 36. h4 b1=Q 37. Rxb1 Bxb1 38. Nf2 Bf5 39. g4 Bd3 40. h5 g5 41. Qe3 gxf6 42. Nxd3 Rd8 43. Bf1 Bd6 44. Qe4 Qh7 45. Qxe6 Qg8 46. Qxf6+ Qg7 47. Qxd8+ Kh7 48. Qxd6 Kh8 49. Qe5 Qxe5 50. Nxe5 Kg7 51. Bd3 Kf6 52. Ng6 Kg7 53. Kf2 Kf6 54.
Ke3 Kg7 55. Ke4 Kf6 56. Kd5 Kg7 57. Ke5 Kf7 58. Bc4+ Kg7 59. Ne7 Kh7 60. Nf5 Kh8 61.
Nxh6 Kh7 62. Nf5 Kh8 63. Ne3 Kh7 64. Kf5 Kh6 65. Kf6 Kh7 66. Kxg5 Kg7 67. h6+ Kh7 68.
Bd3+ Kh8 69. Nf5 Kh7 70. Ne7+ Kh8 71. Ng6+ Kh7 72. Nh4+ Kh8 73. Kg6 Kg8 74. g5 Kh8 75.
Kh5 Kg8 76. g6 Kh8 77. g7+ Kg8 78. Bc4+ Kh7 79. g8=Q# 1-0

[Event "*** Titled Tuesday Blitz"]
[Site "Chess.com"]
[Date "2020.04.07"]
[Round "4"]
[White "Sawyer2908"]
[Black "anesar92"]
[Result "1/2-1/2"]
[WhiteElo "2536"]
[BlackElo "2727"]
[TimeControl "180+1"]
[EndTime "13:42:27 PDT"]
[Termination "Game drawn - insufficient material"]

1. e4 c5 2. Nf3 d6 3. Bb5+ Nc6 4. O-O Bd7 5. c3 Nf6 6. Re1 a6 7. Ba4 b5 8. Bc2 e5 9. h3 Be7 10. d4 O-O 11. Be3 Qc7 12. Nbd2 Rac8 13. d5 Nd8 14. a4 Ne8 15. axb5 axb5 16. Nf1 g6 17. Bh6 Ng7 18. Ng3 f6 19. Ra6 Nf7 20. Bd2 Ra8 21. Rxa8 Rxa8 22.
Bc1 Ra1 23. Qe2 Qa7 24. Nd2 Qa8 25. Nb3 Ra7 26. f4 exf4 27. Bxf4 Ne5 28. Nd2 Ra2 29. Rb1 Qb8 30. Nf3 b4 31. Nxe5 fxe5 32. Bd2 Qa7 33. Kh2 bxc3 34. Bxc3 Bg5 35. Bd2 Bxd2 36. Qxd2 Qb8 37.
Qc3 Ne8 38. b4 cxb4 39. Rxb4 Rxc2 40. Qb3 Qc7 41. Rb7 Qc3 42. Qxc3 Rxc3 43. Rxd7 Rc7 44.
Rd8 Kf7 45. Ra8 Nf6 46. Ra6 Ke7 47. Rb6 h5 48. h4 Rc3 49. Rb7+ Kf8 50. Rb8+ Kg7 51. Rb7+ Kh6 52. Rf7 Ng4+ 53. Kh3 g5 54.
hxg5+ Kxg5 55. Rf5+ Kg6 56. Kh4 Nf6 57. Nxh5 Nxe4 58.
Rf8 Kh7 59. Rf7+ Kg6 60. Rg7+ Kh6 61. g4 Rc1 62. g5+ Nxg5 63. Rxg5 Rh1+ 64. Kg4 Rg1+ 65. Kh4 Rxg5 66. Nf6 e4 67. Nxe4 Rxd5 68. Kg4 Kg6 69. Kf4 Rd4 70. Ke3 Kf5 71. Kxd4 d5 72. Kxd5 1/2-1/2

[Event "*** Titled Tuesday Blitz"]
[Site "Chess.com"]
[Date "2020.04.07"]
[Round "4"]
[White "kayrakamer"]
[Black "Gordima"]
[Result "0-1"]
[WhiteElo "2475"]
[BlackElo "2793"]
[TimeControl "180+1"]
[EndTime "13:42:29 PDT"]
[Termination "Gordima won by resignation"]

1. Nf3 d5 2. d4 Nf6 3. c4 e6 4. Nc3 Bb4 5. Bg5 h6 6. Bxf6 Qxf6 7. e3 O-O 8. Rc1 c6 9. Qb3 Ba5 10. Be2 Nd7 11. O-O Qe7 12. Rfd1 dxc4 13. Bxc4 a6 14. Bd3 Bc7 15. Bb1 Rd8 16. Qc2 Nf8 17. Ne4 Rb8 18. Ne5 f6 19. Nf3 Bd7 20. Nc5 Be8 21. a3 Bf7 22. Ba2 a5 23. h3 Bd6 24. Ne4 Bg6 25.
Bb1 Bc7 26. Qc3 Bf7 27. Qc2 Kh8 28. Nc5 Bg8 29. Nh4 Bf7 30. Qe4 Rd5 31. Nf3 Rh5 32. Qd3 Bd6 33. Ne4 Bc7 34. Nc5 Bg8 35. Ne4 Rd8 36. Qe2 Bb8 37. Nfd2 Rf5 38. Nc4 a4 39.
Ng3 Rg5 40. Ne4 Rgd5 41. Nc3 Rg5 42. Ne4 Rgd5 43. Nc3 R5d7 44. Nb6 Qd6 45. g3 Re7 46. Nbxa4 Bf7 47. Nc5 f5 48. b4 h5 49. Qf3 h4 50.
Kf1 hxg3 51. fxg3 Qxg3 52. Qxg3 Bxg3 53. Kg2 Bh4 54. e4 f4 55. Kf3 g5 56. Kg2 Bh5 57. Rf1 Rxd4 58. Nb3 Rd8 59. Bc2 Ng6 60. Bd1 Bxd1 61. Rcxd1 Red7 62. Rxd7 Rxd7 63. Kf3 Ne5+ 64. Ke2 Rd3 65. Rc1 Re3+ 66. Kd2 Nc4+ 67. Kc2 Nxa3+ 68. Kb2 Nc4+ 69. Ka2 Ne5 70. Nc5 f3 71. Nxe6 f2 72.
Nd1 Re1 73. Nxf2 Rxc1 74. Ng4 Nxg4 75. hxg4 Rg1 76. Nd8 Rxg4 77. Nxb7 Rxe4 78. Nd8 Rxb4 79. Nxc6 Rf4 80. Ne5 Kg7 81. Ng6 Kxg6 0-1

[Event "*** Titled Tuesday Blitz"]
[Site "Chess.com"]
[Date "2020.04.07"]
[Round "4"]
[White "SPEEDSKATER"]
[Black "Sebastian"]
[Result "0-1"]
[WhiteElo "2788"]
[BlackElo "3021"]
[TimeControl "180+1"]
[EndTime "13:42:30 PDT"]
[Termination "Sebastian won by checkmate"]

1. d4 Nf6 2. c4 e6 3. Nf3 d5 4. Nc3 c5 5. cxd5 Nxd5 6. e4 Nxc3 7. bxc3 cxd4 8. cxd4 Bb4+ 9. Bd2 Bxd2+ 10. Qxd2 O-O 11.
Bd3 Nc6 12. Qc3 Qd6 13. Rd1 Rd8 14. Bb1 b6 15. O-O Ba6 16. Rfe1 Rac8 17. Qe3 Nb4 18. Rc1 h6 19. h4 Rxc1 20. Rxc1 Rc8 21. Rxc8+ Bxc8 22. a3 Nc6 23. Qd3 Kf8 24. e5 Qd5 25.
Qh7 Nxd4 26. Be4 Nxf3+ 27. Bxf3 Qc4 28. g3 Ba6 29. Bg2 Qc1+ 30. Kh2 g6 31. Qh8+ Ke7 32.
Qa8 Qc7 33. Qh8 Qc5 34. Qf6+ Ke8 35. Qh8+ Kd7 36. Qf6 Qe7 37. Qf3 Bc8 38. Qa8 Kd8 39. Qf3 Qc7 40. Qf6+ Qe7 41. Qf3 h5 42. Qf4 Qc7 43.
Qf6+ Qe7 44. Qf3 b5 45. Qd3+ Qd7 46. Qe3 a6 47. Qc5 Qc7 48. Qd4+ Ke8 49. f4 Bb7 50. Bxb7 Qxb7 51. Qc3 Kd8 52. Kg1 Qc7 53. Qb4 Qb6+ 54. Kf1 Qc6 55. Qf8+ Qe8 56. Qd6+ Qd7 57. Qxa6 Qd1+ 58.
Kf2 Qd2+ 59. Kf3 Qd3+ 60. Kf2 Qd2+ 61. Kf3 Qd3+ 62. Kf2 Qd4+ 63. Kf3 Qd1+ 64. Kf2 Qc2+ 65. Kf3 Qb3+ 66. Kg2 Qd5+ 67. Kh2 Ke7 68. Qa7+ Kf8 69.
Qe3 Kg7 70. Qc3 Qe4 71. Qb4 Qe2+ 72. Kh3 Qf1+ 73. Kh2 Qf2+ 74. Kh3 Qg1 75. Qe4 Qc1 76.
Qb4 Qh1# 0-1

[Event "*** Titled Tuesday Blitz"]
[Site "Chess.com"]
[Date "2020.04.07"]
[Round "4"]
[White "Leonid_Starozhilov"]
[Black "jmduque"]
[Result "0-1"]
[WhiteElo "2672"]
[BlackElo "2520"]
[TimeControl "180+1"]
[EndTime "13:42:32 PDT"]
[Termination "jmduque won by resignation"]

1. c4 b6 2. Nc3 Bb7 3. e4 e6 4. Nge2 d6 5. g3 Nd7 6. Bg2 g6 7. O-O Bg7 8. d3 Ne7 9. Be3 O-O 10. Qd2 c5 11. d4 a6 12. Rac1 cxd4 13. Nxd4 Ne5 14.
b3 N7c6 15. h3 Rc8 16. Rfd1 Nxd4 17. Bxd4 Qc7 18. f4 Rfd8 19. Qf2 Nd7 20. Bxg7 Kxg7 21. Qd4+ Nf6 22. e5 dxe5 23. Qxe5 Rxd1+ 24. Rxd1 Bxg2 25. Kxg2 Qb7+ 26. Kf2 Rc5 27. Qd4 h5 28. Re1 Qd7 29. Rd1 Qc6 30. Re1 Qd7 31. Qxd7 Nxd7 32. Ne4 Rc7 33. Rd1 b5 34. cxb5 axb5 35. a4 bxa4 36. bxa4 Ra7 37. Ra1 Ra5 38. Nc3 Nc5 39. Ke3 f5 40. Ra3 Kf6 41. Kd4 Nd7 42. Kc4 e5 43. Kb4 Ra8 44. fxe5+ Nxe5 45. Nd5+ Kg5 46. a5 h4 47.
gxh4+ Kxh4 48. a6 g5 49. a7 Rxa7 50. Rxa7 Nc6+ 51. Kc4 Nxa7 52. Ne7 f4 53. Kd3 Kxh3 54. Ke4 Kg2 55. Ng6 f3 56. Ne7 f2 57. Nf5 g4 58.
Ne3+ Kh2 59. Nf1+ Kg1 60. Ng3 Kg2 61. Kf4 Nc6 62. Kxg4 Ne5+ 63. Kf4 Ng6+ 64. Kg4 Ne5+ 65. Kf4 Nd3+ 66. Kg4 Ne1 67. Kh4 Nf3+ 68. Kg4 Nh2+ 69. Kh4 Kf3 70. Kh3 Ng4 71. Nf1 Ne3 72. Nh2+ Ke2 73.
Kg3 Nf1+ 74. Nxf1 Kxf1 0-1

[Event "*** Titled Tuesday Blitz"]
[Site "Chess.com"]
[Date "2020.04.07"]
[Round "4"]
[White "Man-Chuk"]
[Black "Rud_Makarian"]
[Result "0-1"]
[WhiteElo "2757"]
[BlackElo "2615"]
[TimeControl "180+1"]
[EndTime "13:42:35 PDT"]
[Termination "Rud_Makarian won by resignation"]

1. c4 Nf6 2. Nc3 g6 3. e4 d6 4. d4 Bg7 5. Be2 O-O 6. Be3 Nc6 7.
d5 Ne5 8. h3 e6 9. Nf3 Nxf3+ 10.
Bxf3 Nd7 11. O-O f5 12. dxe6 Ne5 13. exf5 Nxf3+ 14. Qxf3 Rxf5 15. Qe4 Re5 16. Qd3 Bxe6 17. Bd4 Qh4 18. Bxe5 Bxc4 19. Qg3 Qxg3 20. Bxg3 Bxf1 21. Kxf1 Bxc3 22. bxc3 Rf8 23. Re1 Kf7 24. Ke2 b6 25.
Kd3 g5 26. Kc4 h5 27. Kd5 Kg6 28. Re6+ Kf5 29. Re7 h4 30. Bh2 Kg6 31. f3 Rf5+ 32. Kd4 Ra5 33. Re2 Kf5 34. Kd3 Ra4 35. Bg1 a5 36.
Bd4 Kf4 37. Re4+ Kf5 38. Re2 Kf4 39. Bf2 Kf5 40. c4 Ra3+ 41. Kd4 c6 42. Be1 a4 43.
Bb4 c5+ 44. Bxc5 dxc5+ 45. Kd5 Rc3 46. Rb2 a3 47. Rxb6 Rc2 48. Ra6 Rxa2 49. Kxc5 Kf4 50.
Kc6 Rxg2 51. Rxa3 Kg3 52. f4+ Kxf4 53. c5 Rg3 54. Ra4+ Kf5 55. Kd5 Rxh3 56. c6 Rd3+ 57.
Kc4 Rd8 58. c7 Rc8 59. Ra5+ Kg4 60. Rc5 h3 61. Kd3 h2 62. Rc1 Rxc7 63. Rh1 Kh3 64. Ke4 g4 65. Ke3 g3 66. Rf1 g2 67. Rf8 g1=Q+ 68.
Ke4 Kg2 69. Kd5 Kh1 70. Rg8 Rg7 71. Kd6 Rg2 72. Re8 Rg8 73. Ke7 Rxe8+ 74. Kf7 Kg2 75. Kf6 0-1

[Event "*** Titled Tuesday Blitz"]
[Site "Chess.com"]
[Date "2020.04.07"]
[Round "4"]
[White "Ceejay271"]
[Black "vinniethepooh"]
[Result "0-1"]
[WhiteElo "2305"]
[BlackElo "2626"]
[TimeControl "180+1"]
[EndTime "13:42:35 PDT"]
[Termination "vinniethepooh won on time"]

1. d4 Nf6 2. Nf3 d5 3. c4 e6 4.
Nc3 c6 5. cxd5 exd5 6. Bg5 Be7 7. e3 Bf5 8. Bd3 Bxd3 9. Qxd3 O-O 10. O-O Nbd7 11.
Rab1 a5 12. a3 Ne4 13. Bxe7 Qxe7 14. b4 axb4 15. axb4 b5 16. Rfc1 Nd6 17. Nd2 Nb6 18. Nb3 Nbc4 19. Nc5 Ra3 20. Rb3 Rfa8 21. h3 Nb7 22.
Rcb1 Nxc5 23. dxc5 Qe5 24. Ne2 Rxb3 25. Rxb3 Ra1+ 26.
Rb1 Nd2 27. Rxa1 Qxa1+ 28. Kh2 Nf1+ 29. Kh1 Ng3+ 30. Kh2 Ne4 31. f3 Qh1+ 32. Kxh1 Nf2+ 33. Kg1 Nxd3 34. Nd4 Nxb4 35. Kf2 Nd3+ 36. Ke2 Nxc5 37.
Nxc6 Kf8 38. Nb4 Ne6 39. Nxd5 Ke8 40. Kd3 Kd7 41. Kc3 Kd6 42. e4 Kc5 43. Kb3 Nd4+ 44. Kc3 Nc6 45. Kb3 b4 46. Kc2 Nd4+ 47. Kd3 Nc6 48.
Ne3 Ne5+ 49. Kc2 g6 50. Nd5 Kc4 51. Nb6+ Kb5 52. Nd5 Kc4 53. Nb6+ Kc5 54. Nd5 Nc4 55. Kd3 Na5 56. Kc2 Nc6 57. Kd3 Nd8 58. Kc2 Ne6 59. Kd3 g5 60. g3 h5 61. f4 h4 62. gxh4 gxh4 63. f5 Nd4 64. Kd2 Nf3+ 65. Ke3 Ng5 66. e5 Nxh3 0-1

[Event "*** Titled Tuesday Blitz"]
[Site "Chess.com"]
[Date "2020.04.07"]
[Round "4"]
[White "tamarozi99"]
[Black "drinbet"]
[Result "0-1"]
[WhiteElo "1922"]
[BlackElo "2274"]
[TimeControl "180+1"]
[EndTime "13:42:39 PDT"]
[Termination "drinbet won by resignation"]

1. e4 e5 2. Nf3 d5 3. Nxe5 Bd6 4. d4 dxe4 5. Nc3 Bxe5 6. dxe5 Qxd1+ 7. Nxd1 Nc6 8. Bf4 Nge7 9. Bb5 O-O 10. Nc3 Nd4 11. O-O-O Nxb5 12. Nxb5 c6 13. Nd6 Nd5 14. Bg5 h6 15.
Bd2 f5 16. exf6 Nxf6 17. Rde1 Ng4 18. Nxe4 Nxf2 19. Rhf1 Nxe4 20. Rxf8+ Kxf8 21. Rxe4 Kf7 22. Bc3 Be6 23. Rf4+ Kg8 24. a4 Rd8 25. a5 Rd5 26.
Rb4 Rd7 27. Bd4 a6 28. Bc5 Bd5 29. g3 Kf7 30. Rf4+ Kg6 31. Rf8 Kh5 32. b3 Kg4 33.
Rf2 Kh3 34. c4 Bg2 35. Rf8 Kxh2 36. Rg8 Kxg3 37. Bf8 g5 38. Bxh6 g4 39. Kc2 Bf3 40. Bg7 Rf7 41. Kd3 Kf2 42. Bd4+ Kf1 43. Be5 Rd7+ 44.
Ke3 Bd1 45. Bg3 Rf7 46. Kd4 Bxb3 47. Rxg4 Rd7+ 48. Kc5 Rf7 49. Kb6 Ke2 50. Rf4 Rxf4 51.
Bxf4 Bxc4 52. Kxb7 Bb5 53. Kb6 Kd3 54. Bh6 Kd4 55. Bf4 c5 56. Bh6 c4 57. Kc7 c3 58. Bg7+ Kd3 59. Bxc3 Kxc3 60. Kb6 Kc4 61. Kc7 Kc5 62. Kb7 Kb4 63. Kb6 Ka4 64. Kc5 Kxa5 65. Kd4 Kb4 66. Ke3 Kb3 67. Kd2 Kb2 68. Kd1 a5 0-1

[Event "*** Titled Tuesday Blitz"]
[Site "Chess.com"]
[Date "2020.04.07"]
[Round "4"]
[White "Sunnika"]
[Black "Fy_Rakotomaharo"]
[Result "0-1"]
[WhiteElo "2355"]
[BlackElo "2591"]
[TimeControl "180+1"]
[EndTime "13:42:41 PDT"]
[Termination "Fy_Rakotomaharo won by resignation"]

1. d4 Nf6 2. c4 e6 3. g3 d5 4.
Bg2 Bb4+ 5. Bd2 Be7 6. Nf3 O-O 7. O-O Nbd7 8. b3 c6 9. Bc3 Ne4 10. Bb2 f5 11. Nbd2 Ndf6 12. Ne5 Bd7 13. Ndf3 Be8 14. Nd3 g5 15. Nfe5 Bh5 16. c5 Nd7 17. Nxd7 Qxd7 18. f3 Nf6 19. Qd2 h6 20. Ne5 Qd8 21. Rae1 Nd7 22.
Nxd7 Qxd7 23. e4 dxe4 24. fxe4 Bxc5 25. exf5 exf5 26. Qd3 Bb6 27. Qc4+ Bf7 28. Qd3 Bd5 29. Re5 Bxg2 30. Kxg2 Rad8 31. d5 cxd5 32. Rexf5 Rxf5 33. Rxf5 Qe6 34. Re5 Qf7 35. Rf5 Qe6 36. Re5 Qd6 37.
Qe2 d4 38. Re8+ Rxe8 39. Qxe8+ Kg7 40. Qe4 Kf6 41. h4 Qc6 42. Qxc6+ bxc6 43. hxg5+ hxg5 44. Kf3 Ke5 45. g4 Kd5 46. Bc1 Bd8 47. Bd2 Bf6 48. Bc1 c5 49. Bd2 c4 50. bxc4+ Kxc4 51. Ke4 d3 52. Be3 a5 53. Bd2 a4 54. Bc1 Bc3 55. Bxg5 d2 56. Bxd2 Bxd2 57. Kf5 a3 58. g5 Kc3 59. g6 Bh6 60. Kf6 Kb2 61. Kf7 Kxa2 62.
Kg8 Kb2 63. Kh7 Bf8 64. Kg8 a2 65. Kxf8 a1=Q 66. g7 Qa8+ 67. Kf7 Qb7+ 68. Kf8 Qc8+ 69. Kf7 Qd7+ 70. Kf8 Qd6+ 71. Kf7 Qf4+ 72. Ke8 Qe5+ 73.
Kf8 Qf6+ 74. Kg8 Kc3 75. Kh7 Qh4+ 76. Kg8 Kd4 77. Kf8 Qf6+ 78. Kg8 Ke5 79. Kh8 Kf5 80. Kh7 Qg6+ 81. Kh8 Qh6+ 82. Kg8 Kf6 83. Kf8 Qxg7+ 0-1

[Event "*** Titled Tuesday Blitz"]
[Site "Chess.com"]
[Date "2020.04.07"]
[Round "4"]
[White "dopolian"]
[Black "MaxLeto"]
[Result "1-0"]
[WhiteElo "2493"]
[BlackElo "2319"]
[TimeControl "180+1"]
[EndTime "13:42:41 PDT"]
[Termination "dopolian won on time"]

1. e4 c5 2. Nf3 d6 3. d4 cxd4 4. Nxd4 Nf6 5. Nc3 a6 6. h3 e6 7. g4 Nfd7 8. Bg2 b5 9. O-O Bb7 10. Re1 Be7 11. a3 O-O 12. f4 Nc6 13. Nxc6 Bxc6 14.
Be3 a5 15. Qd2 Qc7 16. Bf2 Qb7 17. Nd5 Bd8 18. Rad1 b4 19. Ne3 Bxe4 20. axb4 Bxg2 21. Nxg2 d5 22. f5 Bb6 23. bxa5 Rxa5 24. c3 Rb5 25. b4 Bxf2+ 26. Qxf2 Re8 27. Qd4 e5 28. Qd3 e4 29. Qd4 Ne5 30. Rf1 Nf3+ 31. Rxf3 exf3 32. Nf4 Qe7 33. Rf1 Qe3+ 34. Rf2 Qxd4 35. cxd4 Rxb4 36.
Nxd5 Rxd4 37. Nc7 Re3 38. Nb5 Rd1+ 39. Kh2 Rde1 40. Kg3 Rg1+ 41. Kf4 Re2 42. Rxf3 Rh2 43. Nd6 h6 44. Ne4 Rgh1 45. Nf2 Rf1 46. Kg3 Rhh1 47. Nxh1 Rxh1 48. Kg2 Rb1 49. f6 Rb2+ 50. Kg3 gxf6 51. Rxf6 Kg7 52. Rf3 Rb5 53. Rc3 Rb6 54. h4 Re6 55. Rf3 Rg6 56. h5 Rg5 57. Kh4 Re5 58.
Rf4 Rg5 59. Ra4 Re5 60. Ra6 Rg5 61. Rb6 Re5 62. Rd6 Rg5 63. Rd4 Re5 64. Kg3 Rg5 65. Kf4 Ra5 66. Re4 Rg5 67. Re5 f6 68. Rxg5+ fxg5+ 69. Ke5 Kf7 70. Kf5 Kg7 71. Ke6 1-0

[Event "*** Titled Tuesday Blitz"]
[Site "Chess.com"]
[Date "2020.04.07"]
[Round "4"]
[White "VALPARAISO37"]
[Black "mattcolins2025"]
[Result "1/2-1/2"]
[WhiteElo "2326"]
[BlackElo "2160"]
[TimeControl "180+1"]
[EndTime "13:42:42 PDT"]
[Termination "Game drawn by repetition"]

1. d4 Nf6 2. c4 g6 3. Nc3 Bg7 4. e4 d6 5. f3 O-O 6. Be3 e5 7.
d5 Nh5 8. Qd2 f5 9. O-O-O Nd7 10. Bd3 Nc5 11. Bc2 a5 12. Nge2 Bd7 13. Kb1 b6 14. h3 f4 15. Bf2 Qg5 16. Rdg1 Qf6 17. Re1 a4 18. Qd1 a3 19. b3 Na6 20. Rhg1 Nb4 21.
Bd3 Rfb8 22. Qd2 Na6 23. Nb5 Bxb5 24. cxb5 Nc5 25. Bc4 Qe7 26. Nc3 Nf6 27. Qe2 h6 28. Bh4 g5 29. Bf2 Nh5 30. Qd2 Qe8 31. Qc2 Qf7 32. b4 Nd7 33. Qb3 Nf8 34. Kc2 Nf6 35. Nb1 h5 36. Nxa3 Ra7 37. Nb1 Ng6 38. a3 Raa8 39.
Rh1 Qd7 40. a4 Kf7 41. Nc3 Rh8 42. Ra1 g4 43. hxg4 hxg4 44. Kd3 gxf3 45. gxf3 Rh3 46. Rxh3 Qxh3 47. Ke2 Nh5 48. Rg1 Ng3+ 49. Ke1 Nh4 50. Be2 Ng2+ 51. Kd2 Bh6 52. Kd3 Ne3 53. Qb1 Qh2 54.
Qe1 Rg8 55. a5 bxa5 56. bxa5 Qh3 57. Bxe3 fxe3 58. a6 Bf4 59. a7 Ra8 60. Qa1 Qh2 61.
Rxg3 Qxg3 62. Qa5 Qe1 63. Qxc7+ Kg6 64. Qxd6+ Kh5 65. Qc7 Qd2+ 66. Kc4 Qd4+ 67. Kb3 Rxa7 68. Qb8 Rg7 69. Qh8+ Kg6 70. Qe8+ Kh6 71. Qf8 Kg6 72. Qe8+ Kh6 73. Qe6+ Rg6 74. Qh3+ Kg7 75. Bc4 Rd6 76.
Qg4+ Kf7 77. Qf5+ Ke7 78. Qh7+ Kd8 79. Qg8+ Kc7 80. Qf7+ Rd7 81. d6+ Qxd6 82. Nd5+ Kb7 83. Qe8 Rd8 84. Qf7+ Rd7 85. Qe8 Rd8 86. Qf7+ Rd7 1/2-1/2

[Event "*** Titled Tuesday Blitz"]
[Site "Chess.com"]
[Date "2020.04.07"]
[Round "4"]
[White "kinga2008"]
[Black "Mbneu"]
[Result "0-1"]
[WhiteElo "1908"]
[BlackElo "2266"]
[TimeControl "180+1"]
[EndTime "13:42:43 PDT"]
[Termination "Mbneu won on time"]

1. e4 c5 2. Nf3 Nf6 3. e5 Nd5 4. c4 Nc7 5. Bd3 Nc6 6. Bc2 Ne6 7. O-O b6 8. b3 Bb7 9. Bb2 g6 10. d4 cxd4 11. Nxd4 Ncxd4 12. Bxd4 Nxd4 13. Qxd4 Bg7 14. f4 Qc7 15. Nc3 Qc5 16. Qxc5 bxc5 17. Nb5 Kd8 18. Rad1 a6 19. Nc3 Kc8 20. Nd5 Bxd5 21. Rxd5 d6 22.
exd6 Bd4+ 23. Kh1 e6 24. d7+ Kc7 25. d8=Q+ Raxd8 26. Rxd8 Rxd8 27. g4 Be3 28. f5 Rd2 29. fxe6 fxe6 30. Be4 e5 31. Rf7+ Kd6 32. Rxh7 Rxa2 33.
Bxg6 Bf4 34. Bf5 a5 35. Rd7+ Kc6 36. Rd1 Rxh2+ 37. Kg1 Rb2 38. Be4+ Kb6 39. Rd6+ Ka7 40. Rd7+ Kb6 41. Rb7+ Ka6 42. Rb5 Be3+ 43. Kh1 Bd4 44.
Bb7+ Ka7 45. Bc8 Bc3 46. g5 Bb4 47. g6 Rxb3 48. g7 Rg3 49. Rb7+ Ka8 50. Rf7 a4 51. Bf5 a3 52. Rf8+ Ka7 53. g8=Q Rxg8 54. Rxg8 a2 55. Rg1 Bc3 56. Rg7+ Kb6 57. Rg1 Ka5 58. Kg2 Kb4 59. Be6 Kb3 60. Kf3 Bb2 61. Ke4 Kc2 62. Kd5 Bc1 63. Kxc5 a1=Q 64. Rg2+ Kc3 65. Rg3+ Kc2 66. Rg2+ Kd1 67. Rg3 Bb2 68. Bg4+ Kd2 69.
Rg2+ Ke3 70. Re2+ Kf4 71. Be6 Bd4+ 72. Kc6 Qa6+ 73. Kd5 Qa5+ 74. Kc6 Qc5+ 75. Kd7 Qa7+ 76. Kc6 Qa6+ 77. Kd7 Qa4+ 78. Kd6 Kf3 0-1

[Event "*** Titled Tuesday Blitz"]
[Site "Chess.com"]
[Date "2020.04.07"]
[Round "4"]
[White "Dyadya81"]
[Black "Kingsman132"]
[Result "0-1"]
[WhiteElo "2709"]
[BlackElo "2412"]
[TimeControl "180+1"]
[EndTime "13:42:49 PDT"]
[Termination "Kingsman132 won by resignation"]

1. e4 e6 2. d4 d5 3. Nc3 Bb4 4. e5 c5 5. a3 Bxc3+ 6. bxc3 Ne7 7. Qg4 O-O 8. Nf3 Nf5 9. Bd3 c4 10. Bxf5 exf5 11. Qg3 Re8 12. Bh6 Qf6 13. Bg5 Qg6 14. h4 f4 15. Bxf4 Qxc2 16. O-O Nc6 17. h5 Re6 18. Ng5 Re8 19. Rfe1 Ne7 20. Rac1 Qf5 21. h6 Ng6 22. Bd2 gxh6 23. Nf3 Qg4 24. Bxh6 Qxg3 25. fxg3 b5 26. Ng5 a5 27. Rf1 Be6 28.
Rf6 Re7 29. Rb1 Rb8 30. Kf2 Rbb7 31. Ke3 Re8 32. Kd2 Bg4 33. Rd6 Ne7 34. Rf1 Nf5 35. Rf6 b4 36. axb4 axb4 37. cxb4 Nxg3 38. R1f4 Bh5 39. e6 Ne4+ 40. Nxe4 dxe4 41. d5 Rd8 42. Kc3 Rxd5 43. Rxe4 Rd3+ 44. Kxc4 Rd8 45. e7 Rc8+ 46. Kb3 Bd1+ 47. Kb2 Re8 48. Rd6 Bh5 49. Rd8 f5 50. Rxe8+ Bxe8 51. Rd4 Kf7 52. Bf8 Rb6 53. Rh4 h5 54. Kc3 Rc6+ 55. Kd4 Kf6 56. Rh1 Rb6 57. Kc5 Rb5+ 58. Kc4 f4 59. Rd1 Rg5 60. Rd8 Kf7 61. Rd4 Bb5+ 62. Kc3 Rg3+ 63. Kd2 Rxg2+ 64. Ke1 Rg1+ 65.
Kd2 Rg2+ 66. Kd1 f3 67. Rf4+ Ke8 68. Rd4 f2 69. Rd8+ Kf7 70. e8=Q+ Bxe8 71. Ke2 Bb5+ 72. Kf3 f1=Q+ 0-1